APL (24 & UNDER)
SAVANNAH HOGS @ DETROIT DIRTY SNOW
07/22/2028
 
TOP OF THE 1ST
Savannah Hogs batting - Pitching for Detroit Dirty Snow : RHP Keith Heffner
Pitching: RHP Keith Heffner
Batting: RHB Ramón Gómez 0-0: Foul Ball, location: 2F
0-1: Ground out 6-3 (Groundball, 56)
Batting: RHB Marlon Hernández 0-0: Ball
1-0: Ball
2-0: Swinging Strike
2-1: Foul Ball, location: 2F
2-2: Ball
3-2: Base on Balls
Batting: RHB Henry Haines 0-0: Ball
1-0: Called Strike
1-1: Ball
2-1: Foul Ball, location: 2F
2-2: Foul Ball, location: 2F
2-2: Fly out, F5 (Popup, 56)
Batting: SHB Juan Soriano 0-0: Called Strike
0-1: Ball
1-1: Foul Ball, location: 2F
1-2: Ground out 4-3 (Groundball, 4MD)
Top of the 1st over - 0 run(s), 0 hit(s), 0 error(s), 1 left on base; Savannah 0 - Detroit 0
BOTTOM OF THE 1ST
Detroit Dirty Snow batting - Pitching for Savannah Hogs : RHP Fernando Fuentes
Pitching: RHP Fernando Fuentes
Batting: SHB Cristián López 0-0: Foul Ball, location: 2F
0-1: Ball
1-1: SINGLE (Groundball, 56S) (infield hit)
Batting: RHB Cristo Souza 0-0: Called Strike
0-1: Ball
1-1: Swinging Strike
1-2: SINGLE (Line Drive, 89S)
Cristián López to second
Batting: LHB Félix Costa 0-0: Ball
1-0: SINGLE (Flyball, 8RS)
Cristián López to third
Cristo Souza to second
Runner from 3rd tries for Home, SAFE, throw made home
Cristo Souza to third
Félix Costa to second
Batting: RHB Carlos Rocha 0-0: Ball
1-0: Foul Ball, location: 2F
1-1: Ball
2-1: Swinging Strike
2-2: Foul Ball, location: 2F
2-2: Strikes out swinging
Batting: RHB Gary Wyatt 0-0: Called Strike
0-1: Ball
1-1: Ground out 5-3 (Groundball, 5S)
Batting: RHB Charlie O'Farrell 0-0: Foul Ball, location: 2F
0-1: Ball
1-1: Foul Ball, location: 2F
1-2: Ball
2-2: Foul Ball, location: 2F
2-2: TRIPLE (Flyball, 89D)
Cristo Souza scores
Félix Costa scores
Batting: SHB Alan Garland 0-0: Ball
1-0: Called Strike
1-1: Foul Ball, location: 2F
1-2: SINGLE (Groundball, 34S) (infield hit)
Charlie O'Farrell scores
Batting: SHB Víctor Torres Balk!
Alan Garland to second
0-0: Foul Ball, location: 2F
0-1: Ball
1-1: Fly out, F2 (Popup, 15S)
Bottom of the 1st over - 4 run(s), 5 hit(s), 0 error(s), 1 left on base; Savannah 0 - Detroit 4
TOP OF THE 2ND
Savannah Hogs batting - Pitching for Detroit Dirty Snow : RHP Keith Heffner
Batting: LHB Juan Vásquez 0-0: SINGLE (Groundball, 34D)
Batting: LHB Marv Gardner 0-0: Ball
1-0: Called Strike
1-1: Ball
2-1: Foul Ball, location: 2F
2-2: 2-RUN HOME RUN (Flyball, 9D), Distance : 371 ft
Batting: LHB Miguel Medellín 0-0: Called Strike
0-1: SINGLE (Groundball, 4MD)
Batting: LHB Guillermo Santos 0-0: Ball
1-0: Foul Ball, location: 2F
1-1: SINGLE (Groundball, 34D)
Miguel Medellín to second
Runner from 2nd tries for 3rd, SAFE, throw made to third
Batting: LHB Marv Alexander 0-0: Ball
1-0: Called Strike
1-1: Ball
2-1: Ball
3-1: Base on Balls
Guillermo Santos to second
Batting: RHB Ramón Gómez 0-0: Ball
1-0: Foul Ball, location: 2F
1-1: Swinging Strike
1-2: Grounds into double play, 6-4-3 (Groundball, 6)
Miguel Medellín scores
Guillermo Santos to third
Batting: RHB Marlon Hernández 0-0: Called Strike
0-1: Ball
1-1: Called Strike
1-2: Ball
2-2: Foul Ball, location: 2F
2-2: Foul Ball, location: 2F
2-2: DOUBLE (Flyball, 89D)
Guillermo Santos scores
Batting: RHB Henry Haines 0-0: Called Strike
0-1: Called Strike
0-2: SINGLE (Line Drive, 7S)
Marlon Hernández to third
Runner from 3rd tries for Home, SAFE, no throw
Batting: SHB Juan Soriano 0-0: Ball
1-0: Called Strike
1-1: Ball
2-1: Fly out, F4 (Line Drive, 4)
Top of the 2nd over - 5 run(s), 6 hit(s), 0 error(s), 1 left on base; Savannah 5 - Detroit 4
BOTTOM OF THE 2ND
Detroit Dirty Snow batting - Pitching for Savannah Hogs : RHP Fernando Fuentes
Batting: RHB Manuel Flores 0-0: Foul Ball, location: 2F
0-1: Ball
1-1: Ball
2-1: Ball
3-1: SINGLE (Line Drive, 4MD)
Batting: SHB Cristián López 0-0: Called Strike
0-1: Ball
1-1: Ground out 4-3 (Groundball, 4S)
Manuel Flores to second
Batting: RHB Cristo Souza 0-0: Called Strike
0-1: Foul Ball, location: 2F
0-2: Ball
1-2: Ball
2-2: Ball
3-2: Base on Balls
Batting: LHB Félix Costa 0-0: Foul Ball, location: 2F
0-1: Fly out, F2 (Popup, 23)
Batting: RHB Carlos Rocha 0-0: Ball
1-0: Fielders Choice at 2nd, 5-4 (Groundball, 5)
Bottom of the 2nd over - 0 run(s), 1 hit(s), 0 error(s), 1 left on base; Savannah 5 - Detroit 4
TOP OF THE 3RD
Savannah Hogs batting - Pitching for Detroit Dirty Snow : RHP Keith Heffner
Batting: LHB Juan Vásquez 0-0: Called Strike
0-1: Ball
1-1: Hit by Pitch
Batting: LHB Marv Gardner 0-0: Called Strike
0-1: Ball
1-1: Foul Ball, location: 2F
1-2: Ball
2-2: Fly out, F7 (Flyball, 7S)
Batting: LHB Miguel Medellín 0-0: Ball
1-0: Called Strike
1-1: Called Strike
1-2: Foul Ball, location: 2F
1-2: Foul Ball, location: 2F
1-2: Ball
2-2: Foul Ball, location: 2F
2-2: Foul Ball, location: 2F
2-2: Grounds into double play, 6-4-3 (Groundball, 6)
Top of the 3rd over - 0 run(s), 0 hit(s), 0 error(s), 0 left on base; Savannah 5 - Detroit 4
BOTTOM OF THE 3RD
Detroit Dirty Snow batting - Pitching for Savannah Hogs : RHP Fernando Fuentes
Batting: RHB Gary Wyatt 0-0: Foul Ball, location: 2F
0-1: Ball
1-1: Reached on error, E5 (Groundball, 56S)
Batting: RHB Charlie O'Farrell 0-0: Ball
1-0: Called Strike
1-1: Ground out 6-3 (Groundball, 6)
Batting: SHB Alan Garland 0-0: Foul Ball, location: 2F
0-1: Ball
1-1: Ball
2-1: Swinging Strike
2-2: Fly out, F7 (Flyball, 7)
Batting: SHB Víctor Torres 0-0: Called Strike
0-1: Ball
1-1: Foul Ball, location: 2F
1-2: Ball
2-2: Ball
3-2: Base on Balls
Batting: RHB Manuel Flores 0-0: Called Strike
0-1: Foul Ball, location: 2F
0-2: Foul Ball, location: 2F
0-2: Fly out, F8 (Line Drive, 8RM)
Bottom of the 3rd over - 0 run(s), 0 hit(s), 1 error(s), 2 left on base; Savannah 5 - Detroit 4
TOP OF THE 4TH
Savannah Hogs batting - Pitching for Detroit Dirty Snow : RHP Keith Heffner
Batting: LHB Guillermo Santos 0-0: Ball
1-0: Foul Ball, location: 2F
1-1: SOLO HOME RUN (Line Drive, 89XD), Distance : 424 ft
Batting: LHB Marv Alexander 0-0: Called Strike
0-1: Ball
1-1: Reached on error, E4 (Groundball, 4)
Batting: RHB Ramón Gómez 0-0: Ball
1-0: Ground out 4-3 (Groundball, 34)
Marv Alexander to second
Batting: RHB Marlon Hernández 0-0: Ball
1-0: Called Strike
Marv Alexander steals 3rd base
1-1: Ball
2-1: Ball
3-1: Foul Ball, location: 2F
3-2: Ground out U3 (Groundball, 34)
Marv Alexander scores
Batting: RHB Henry Haines 0-0: Ball
1-0: Foul Ball, location: 2F
1-1: Swinging Strike
1-2: Strikes out swinging
Top of the 4th over - 2 run(s), 1 hit(s), 1 error(s), 0 left on base; Savannah 7 - Detroit 4
BOTTOM OF THE 4TH
Detroit Dirty Snow batting - Pitching for Savannah Hogs : RHP Fernando Fuentes
Batting: SHB Cristián López 0-0: Called Strike
0-1: Foul Ball, location: 2F
0-2: Strikes out looking
Batting: RHB Cristo Souza 0-0: Called Strike
0-1: DOUBLE (Groundball, 5L)
Batting: LHB Félix Costa 0-0: Called Strike
0-1: Ball
1-1: Foul Ball, location: 2F
1-2: Foul Ball, location: 2F
1-2: Strikes out swinging
Batting: RHB Carlos Rocha 0-0: Ground out 6-3 (Groundball, 6)
Bottom of the 4th over - 0 run(s), 1 hit(s), 0 error(s), 1 left on base; Savannah 7 - Detroit 4
TOP OF THE 5TH
Savannah Hogs batting - Pitching for Detroit Dirty Snow : RHP Keith Heffner
Pitching: RHP Benjamin Hutchison
Batting: SHB Juan Soriano 0-0: Ball
1-0: Foul Ball, location: 2F
1-1: Fly out, F6 (Line Drive, 6)
Batting: LHB Juan Vásquez 0-0: SINGLE (Groundball, 34D)
Batting: LHB Marv Gardner 0-0: Ball
1-0: Fly out, F9 (Line Drive, 9D)
Batting: LHB Miguel Medellín 0-0: Ball
1-0: SINGLE (Line Drive, 4M)
Juan Vásquez to second
Batting: LHB Guillermo Santos 0-0: Ball
1-0: Called Strike
1-1: Foul Ball, location: 2F
1-2: Fly out, F8 (Flyball, 89M)
Top of the 5th over - 0 run(s), 2 hit(s), 0 error(s), 2 left on base; Savannah 7 - Detroit 4
BOTTOM OF THE 5TH
Detroit Dirty Snow batting - Pitching for Savannah Hogs : RHP Fernando Fuentes
Batting: RHB Gary Wyatt 0-0: Foul Ball, location: 2F
0-1: Called Strike
0-2: Strikes out swinging
Batting: RHB Charlie O'Farrell 0-0: Called Strike
0-1: Swinging Strike
0-2: Fly out, F8 (Flyball, 8LS)
Batting: SHB Alan Garland 0-0: Ball
1-0: Ball
2-0: Ball
3-0: Called Strike
3-1: Foul Ball, location: 2F
3-2: Foul Ball, location: 2F
3-2: DOUBLE (Line Drive, 9LM)
Pitching: LHP Nathan Armstrong
Batting: SHB Víctor Torres 0-0: Ball
1-0: Ball
2-0: Ground out 6-3 (Groundball, 56)
Bottom of the 5th over - 0 run(s), 1 hit(s), 0 error(s), 1 left on base; Savannah 7 - Detroit 4
TOP OF THE 6TH
Savannah Hogs batting - Pitching for Detroit Dirty Snow : RHP Benjamin Hutchison
Batting: LHB Marv Alexander 0-0: Ball
1-0: Ball
2-0: Called Strike
2-1: Swinging Strike
2-2: Foul Ball, location: 2F
2-2: Foul Ball, location: 2F
2-2: Ball
3-2: Fly out, F7 (Flyball, 78D)
Batting: RHB Ramón Gómez 0-0: Called Strike
0-1: Ball
1-1: Fly out, F2 (Popup, 23)
Batting: RHB Marlon Hernández 0-0: Called Strike
0-1: Called Strike
0-2: Strikes out swinging
Top of the 6th over - 0 run(s), 0 hit(s), 0 error(s), 0 left on base; Savannah 7 - Detroit 4
BOTTOM OF THE 6TH
Detroit Dirty Snow batting - Pitching for Savannah Hogs : LHP Nathan Armstrong
Batting: RHB Manuel Flores 0-0: Called Strike
0-1: Foul Ball, location: 2F
0-2: Foul Ball, location: 2F
0-2: Strikes out swinging
Batting: SHB Cristián López 0-0: Called Strike
0-1: Swinging Strike
0-2: Foul Ball, location: 2F
0-2: Ball
1-2: Ball
2-2: Strikes out swinging
Batting: RHB Cristo Souza 0-0: Ground out 5-3 (Groundball, 56S)
Bottom of the 6th over - 0 run(s), 0 hit(s), 0 error(s), 0 left on base; Savannah 7 - Detroit 4
TOP OF THE 7TH
Savannah Hogs batting - Pitching for Detroit Dirty Snow : RHP Benjamin Hutchison
Batting: RHB Henry Haines 0-0: Ball
1-0: Fly out, F9 (Flyball, 9S)
Batting: SHB Juan Soriano 0-0: SINGLE (Groundball, 56D)
Batting: LHB Juan Vásquez 0-0: Ball
1-0: Ball
2-0: Ball
3-0: Base on Balls
Juan Soriano to second
Batting: LHB Marv Gardner 0-0: Ball
1-0: Ball
2-0: DOUBLE (Flyball, 8LXD)
Juan Soriano scores
Juan Vásquez to third
Batting: LHB Miguel Medellín 0-0: Ball
1-0: Foul Ball, location: 2F
1-1: Ball
2-1: Foul Ball, location: 2F
2-2: Foul Ball, location: 2F
2-2: Foul Ball, location: 2F
2-2: Ball
3-2: Foul Ball, location: 2F
3-2: Strikes out swinging
Batting: LHB Guillermo Santos 0-0: Ball
1-0: Called Strike
1-1: Swinging Strike
1-2: Strikes out swinging
Top of the 7th over - 1 run(s), 2 hit(s), 0 error(s), 2 left on base; Savannah 8 - Detroit 4
BOTTOM OF THE 7TH
Detroit Dirty Snow batting - Pitching for Savannah Hogs : LHP Nathan Armstrong
Batting: LHB Félix Costa 0-0: Foul Ball, location: 2F
0-1: Swinging Strike
0-2: Ball
1-2: Strikes out swinging
Batting: RHB Carlos Rocha 0-0: Ball
1-0: Called Strike
1-1: Ball
2-1: Ground out 6-3 (Groundball, 6D)
Batting: RHB Gary Wyatt 0-0: Called Strike
0-1: SINGLE (Groundball, 6MD)
Batting: RHB Charlie O'Farrell 0-0: Called Strike
0-1: Swinging Strike
0-2: Foul Ball, location: 2F
0-2: Ball
1-2: Fly out, F9 (Line Drive, 9)
Bottom of the 7th over - 0 run(s), 1 hit(s), 0 error(s), 1 left on base; Savannah 8 - Detroit 4
TOP OF THE 8TH
Savannah Hogs batting - Pitching for Detroit Dirty Snow : RHP Benjamin Hutchison
Pitching: RHP José Rocha
Batting: LHB Marv Alexander 0-0: Ball
1-0: Foul Ball, location: 2F
1-1: Foul Ball, location: 2F
1-2: Foul Ball, location: 2F
1-2: Strikes out swinging
Batting: RHB Ramón Gómez 0-0: Ball
1-0: Ground out 4-3 (Groundball, 4)
Batting: RHB Marlon Hernández 0-0: Ball
1-0: Swinging Strike
1-1: Ball
2-1: Foul Ball, location: 2F
2-2: Foul Ball, location: 2F
2-2: Foul Ball, location: 2F
2-2: Strikes out looking
Top of the 8th over - 0 run(s), 0 hit(s), 0 error(s), 0 left on base; Savannah 8 - Detroit 4
BOTTOM OF THE 8TH
Detroit Dirty Snow batting - Pitching for Savannah Hogs : LHP Nathan Armstrong
Batting: SHB Alan Garland 0-0: Foul Ball, location: 2F
0-1: SINGLE (Groundball, 34D)
Batting: SHB Víctor Torres 0-0: Ball
1-0: Ball
2-0: Foul Ball, location: 2F
2-1: Ground out 5-3 (Groundball, 5S)
Alan Garland to second
Batting: RHB Manuel Flores 0-0: Called Strike
0-1: Ball
1-1: Called Strike
1-2: Strikes out swinging
Batting: SHB Cristián López 0-0: Ball
1-0: Called Strike
1-1: Ball
2-1: Foul Ball, location: 2F
2-2: Ball
3-2: Base on Balls
Pitching: RHP Lúcio Estrada
Batting: RHB Cristo Souza 0-0: Ball
1-0: Ball
2-0: Foul Ball, location: 2F
2-1: Called Strike
2-2: Ball
3-2: Base on Balls
Alan Garland to third
Cristián López to second
Pitching: LHP Alan Baca
Batting: LHB Félix Costa 0-0: Fly out, F7 (Flyball, 7LSF)
Bottom of the 8th over - 0 run(s), 1 hit(s), 0 error(s), 3 left on base; Savannah 8 - Detroit 4
TOP OF THE 9TH
Savannah Hogs batting - Pitching for Detroit Dirty Snow : RHP José Rocha
Batting: RHB Henry Haines 0-0: Called Strike
0-1: Ball
1-1: Ball
2-1: Foul Ball, location: 2F
2-2: Ball
3-2: Base on Balls
Batting: SHB Juan Soriano 0-0: Ball
1-0: Called Strike
1-1: Swinging Strike
1-2: Strikes out swinging
Batting: LHB Juan Vásquez 0-0: Called Strike
0-1: Swinging Strike
0-2: SINGLE (Groundball, 34D)
Henry Haines to second
Batting: LHB Marv Gardner 0-0: Called Strike
0-1: Ball
1-1: Foul Ball, location: 2F
1-2: Foul Ball, location: 2F
1-2: Ball
2-2: Ball
3-2: SINGLE (Groundball, 4MD)
Henry Haines to third
Juan Vásquez to second
Runner from 3rd tries for Home, SAFE, throw made home
Batting: LHB Miguel Medellín 0-0: SINGLE (Line Drive, 7LS)
Juan Vásquez to third
Marv Gardner to second
Batting: LHB Guillermo Santos 0-0: Called Strike
0-1: Ball
1-1: Ball
2-1: DOUBLE (Flyball, 8LXD)
Juan Vásquez scores
Marv Gardner scores
Miguel Medellín to third
Batting: LHB Marv Alexander 0-0: Ground out 4-3 (Groundball, 4)
Miguel Medellín scores
Guillermo Santos to third
Batting: RHB Ramón Gómez 0-0: SINGLE (Groundball, 56D)
Guillermo Santos scores
Batting: RHB Marlon Hernández 0-0: Swinging Strike
0-1: Swinging Strike
0-2: Ground out 6-3 (Groundball, 6MS)
Top of the 9th over - 5 run(s), 5 hit(s), 0 error(s), 1 left on base; Savannah 13 - Detroit 4
BOTTOM OF THE 9TH
Detroit Dirty Snow batting - Pitching for Savannah Hogs : LHP Alan Baca
Pitching: LHP Ricardo Rosário
Now at 1B: Ernesto Gómez
Now at 3B: Luis González
Now in LF: Jorge Chávez
Batting: RHB Carlos Rocha 0-0: Called Strike
0-1: Fly out, F9 (Flyball, 9S)
Batting: RHB Gary Wyatt 0-0: Called Strike
0-1: Foul Ball, location: 2F
0-2: Ball
1-2: Ball
2-2: Strikes out swinging
Batting: RHB Charlie O'Farrell 0-0: Foul Ball, location: 2F
0-1: Ball
1-1: Ground out 5-3 (Groundball, 25)
Bottom of the 9th over - 0 run(s), 0 hit(s), 0 error(s), 0 left on base; Savannah 13 - Detroit 4
Tuesday, August 8th, 2017 - OOTP Baseball 17.12 Build 75